 Dungeon Crawl Stone Soup version 0.18-a0-1171-ga8e22e7 (webtiles) character file.

2827 4thArraOfDagon the Chopper (level 9, 0/72 HPs)
             Began as a Demigod Arcane Marksman on Jan 26, 2016.
             Slain by a giant frog (1 damage)
             ... on level 9 of the Dungeon.
             The game lasted 00:23:43 (4432 turns).

4thArraOfDagon the Chopper (DgAM)                   Turns: 4432, Time: 00:23:43

Health: 0/72       AC:  9    Str: 18    XL:     9   Next: 21%
Magic:  11/13      EV: 13    Int: 23    God:
Gold:   136        SH:  0    Dex: 17    Spells: 2 memorised, 7 levels left

rFire  . . .     SeeInvis .     a - +0 hand crossbow
rCold  . . .     Gourm    .     G - +0 ring mail "Edwak" {Int+6} (curse)
rNeg   . . .     Faith    .     (no shield)
rPois  .         Spirit   .     (no helmet)
rElec  .         Dismiss  .     q - +1 cloak
rCorr  .         Reflect  .     j - +0 pair of gloves
SustAt +         Harm     .     (no boots)
MR     .....                    (no amulet)
Stlth  +.........               (no ring)
                                (no ring)

@: very slightly contaminated, not resistant to hostile enchantments, very
unstealthy
A: high mp 1, sustain attributes
a: no special abilities


You were on level 9 of the Dungeon.
You were hungry.

You visited 1 branch of the dungeon, and saw 10 of its levels.
You also visited: Sewer.

You collected 415 gold pieces.
You spent 279 gold pieces at shops.

Inventory:

Hand Weapons
 a - a +0 hand crossbow (weapon)
 s - a +1 war axe
 u - a cursed -1 flail
Missiles
 d - 34 bolts (quivered)
 e - 7 javelins
 i - 3 curare-tipped needles
 A - a throwing net
Armour
 j - a +0 pair of gloves (worn)
 q - a +1 cloak (worn)
 G - the cursed +0 ring mail "Edwak" (worn) {Int+6}
   (You bought it in a shop on level 7 of the Dungeon)

   It affects your intelligence (+6).
   It has a curse placed upon it.
Jewellery
 t - an uncursed amulet of harm
Wands
 n - a wand of magic darts (22/48)
 r - a wand of frost (14/48)
 v - a wand of frost (0/48)
 x - a wand of lightning (0/15)
 y - a wand of flame (0/48)
 E - a wand of slowing (22/48)
Scrolls
 b - 3 scrolls of remove curse
 g - a scroll of enchant weapon
 h - 3 scrolls of magic mapping
 D - a scroll of immolation
 H - a scroll of identify
 J - a scroll of teleportation
Potions
 k - 2 potions of brilliance
 l - a potion of cancellation
 m - a potion of resistance
 o - a potion of poison
 z - a potion of invisibility
 C - a potion of heal wounds
Books
 c - a book of Debilitation

   Spells                             Type                      Level
   a - Corona                         Hexes                        1
   b - Slow                           Hexes                        2
   c - Gell's Gravitas                Hexes/Translocation          3
   d - Inner Flame                    Hexes/Fire                   3
   e - Cause Fear                     Hexes                        4
   f - Leda's Liquefaction            Hexes/Earth                  4
Comestibles
 f - 6 bread rations
 p - 6 chunks of flesh
 w - a meat ration
 I - 8 slices of pizza


   Skills:
 + Level 4.4 Fighting
 * Level 6.3 Axes
 - Level 5.1 Crossbows
 + Level 4.2 Armour
 + Level 4.6 Dodging
 - Level 1.0 Spellcasting
 * Level 4.2 Hexes
 - Level 2.2 Evocations


You had 7 spell levels left.
You knew the following spells:

 Your Spells              Type           Power        Failure   Level  Hunger
a - Corona                Hex            ###....      6%          1    ##.....
b - Slow                  Hex            ###.....     10%         2    ###....


Dungeon Overview and Level Annotations

Branches:
Dungeon (10/15)            Temple (0/1) D:7
   Lair: D:8-11         Orc: D:9-12

Shops:
D:7 [   D:8 =   D:9 =

Annotations:
D:5 WhatIsLove's ghost, novice DsGl
D:6 YrmMerkstave's ghost, novice MfTm


Innate Abilities, Weirdness & Mutations

You have an increased reservoir of magic (+10% MP).
Your attributes are resistant to harm.


Message History

Press: ? - help, Shift-Dir - straight line, f/p - troll
Aim: a troll (severely wounded, slow)
The puff of frost hits the troll.
The troll is almost dead.
This wand has 15 charges left.
The giant frog hits you!
* * * LOW HITPOINT WARNING * * *
The troll barely misses you. The troll claws you.
* * * LOW HITPOINT WARNING * * *
The troll misses you. The giant frog barely misses you.
Unknown command.
Unknown command.
Unknown command.
Evoke which item? (* to show all) (? for menu, Esc to quit)
Zapping:
r - a wand of frost (15/48)
Press: ? - help, Shift-Dir - straight line, f/p - troll
Aim: a troll (almost dead, slow)
The puff of frost hits the troll.
The troll is almost dead.
This wand has 14 charges left.
The giant frog hits you.
You die...

########## ########### #........#
#.........# #........#
#.........# #........#
#.........# #........#
#.........#
#........########.........#
................@........##
...............TF∩.......#
.............((.(........#
................(........#
..)......(>..............#
.........................########
(.############........####..#....
..# #...#........#.....#.... ..#
#...#........'.....#....


You could see a troll and a giant frog.

Vanquished Creatures
  A two-headed ogre (D:9)
  A human (D:10)
  A hippogriff (D:7)
  A hungry ghost (D:7)
  2 ice beasts (D:7)
  A wasp (D:8)
  A sky beast (D:7)
  3 ogres
  4 centaurs
  Blork the orc (D:6)
  3 giant frogs
  A scorpion (D:9)
  4 killer bees (D:9)
  5 wights (D:6)
  A crimson imp (D:5)
  2 giant frog zombies (D:5)
  A jelly (D:4)
  3 hounds
  3 orc priests
  2 orc wizards (D:5)
  An iguana (D:5)
  3 worker ants
  9 adders
  A gnoll (D:5)
  An adder zombie (D:9)
  2 worms (D:3)
  3 giant geckos
  15 orcs
  5 bats
  5 giant cockroaches
  A goblin (D:3)
  7 hobgoblins
  2 kobolds (D:3)
  3 quokkas
  2 ball pythons
  A giant gecko zombie (D:5)
  7 giant newts
  A jackal skeleton (D:5)
  4 rats
114 creatures vanquished.

Notes
Turn   | Place    | Note
--------------------------------------------------------------
     0 | D:1      | 4thArraOfDagon the Demigod Arcane Marksman began the quest for the Orb.
     0 | D:1      | Reached XP level 1. HP: 15/15 MP: 4/4
   101 | D:1      | You fall through a shaft!
   206 | D:2      | Reached XP level 2. HP: 22/22 MP: 5/5
   355 | D:3      | Reached skill level 3 in Crossbows
   378 | D:3      | Found a sparkling altar of Nemelex Xobeh.
   430 | D:3      | Reached XP level 3. HP: 23/27 MP: 6/6
   461 | D:2      | Found a sparkling altar of Nemelex Xobeh.
   461 | D:2      | Found an opulent altar of Gozag.
   642 | D:3      | Found a glowing drain.
   646 | Sewer    | Entered a sewer
   695 | D:4      | Reached skill level 4 in Crossbows
   713 | D:4      | Found a stormy altar of Qazlal.
   767 | D:5      | Entered Level 5 of the Dungeon
   769 | D:5      | Noticed a sky beast
  1048 | D:5      | Reached XP level 4. HP: 34/34 MP: 8/8
  1186 | D:5      | Reached skill level 5 in Crossbows
  1186 | D:5      | Reached XP level 5. HP: 33/39 MP: 9/9
  1223 | D:5      | Reached skill level 1 in Fighting
  1267 | D:5      | Reached skill level 1 in Axes
  1373 | D:5      | Noticed a centaur
  1404 | D:5      | Killed a centaur
  1404 | D:5      | Reached skill level 1 in Armour
  1404 | D:5      | Reached XP level 6. HP: 37/48 MP: 10/10
  1510 | D:6      | Reached skill level 1 in Evocations
  1541 | D:6      | Noticed YrmMerkstave's ghost (novice MfTm)
  1603 | D:5      | Noticed WhatIsLove's ghost (novice DsGl)
  1666 | D:7      | Found a staircase to the Ecumenical Temple.
  1680 | D:6      | Noticed Blork the orc
  1699 | D:6      | Killed Blork the orc
  1699 | D:6      | Reached XP level 7. HP: 36/55 MP: 11/11
  1985 | D:7      | Found Effy's Antique Armour Shoppe.
  2013 | D:8      | Found Ihalo's Jewellery Emporium.
  2114 | D:7      | Noticed a hippogriff
  2128 | D:7      | Killed a hippogriff
  2135 | D:7      | Noticed a hungry ghost
  2151 | D:7      | Killed a hungry ghost
  2205 | D:7      | Reached XP level 8. HP: 30/63 MP: 12/12
  2496 | D:5      | Reached skill level 5 in Axes
  3104 | D:3      | 4thArraOfDagon: sip
  3434 | D:7      | Bought a heavily runed ring mail for 279 gold pieces
  3444 | D:7      | Identified the cursed +0 ring mail "Edwak" {Int+6} (You bought it in a shop on level 7 of the Dungeon)
  3444 | D:7      | :(
  3448 | D:7      | Learned a level 2 spell: Slow
  3588 | D:10     | Entered Level 10 of the Dungeon
  3745 | D:10     | Noticed a hill giant
  3931 | D:9      | Found Ceufieba's Jewellery Shoppe.
  3969 | D:9      | Reached skill level 6 in Axes
  3975 | D:9      | Reached XP level 9. HP: 13/71 MP: 13/13
  4431 | D:9      | HP: 3/72 [giant frog (7)]
  4431 | D:9      | HP: 1/72 [troll (2)]
  4432 | D:9      | Slain by a giant frog

Vault maps used:
D:1:      scummos_arrival_star
D:2:      grunt_temple_overflow_opulence, uniq_terence
D:3:      gup_sewer_entry_bowl, nemelex_xobeh_ov_fountains_minmay
D:4:      nicolae_qazlal_eye_of_the_storm
D:5:      minmay_opposing_rooms, grunt_temple_overflow_lords_of_destruction,
          first_bread, kennysheep_another_room, cheibrodos_gnoll_hut
D:6:      minmay_holes, kennysheep_generic_room_16, uniq_blork_the_orc
D:7:      minmay_temple_entry_mist, serial_shops, shop
D:8:      minitemple, david_lair_shrubbed, serial_shops, shop,
          nicolae_shop_trees
D:9:      serial_shops, shop
D:10:     grunt_pizzeria, uniq_joseph, uniq_harold, uniq_grum
Sewer:    sewer_co_tree

Action                   |  1- 3 |  4- 6 |  7- 9 || total
-------------------------+-------+-------+-------++-------
Melee: War axe           |       |    60 |   201 ||   261
 Fire: Hand crossbow     |    83 |    42 |    52 ||   177
Throw: Javelin           |       |     3 |       ||     3
 Cast: Slow              |       |       |     7 ||     7
       Corona            |       |       |     1 ||     1
Evoke: Wand              |       |     4 |    46 ||    50
  Use: Scroll            |     1 |    10 |     9 ||    20
       Potion            |     1 |     3 |     6 ||    10
 Stab: Invisible         |       |       |     3 ||     3
  Eat: Chunk             |       |     2 |     5 ||     7
       Beef jerky        |       |     1 |       ||     1
       Bread ration      |       |       |     1 ||     1
       Fruit             |       |       |     3 ||     3
